 Dungeon Crawl Stone Soup version 0.23-a0-642-g3120c2f (webtiles) character file.

32 MisterFreud the Slasher (level 3, -7/24 HPs)
             Began as an Octopode Gladiator on Dec 30, 2018.
             Mangled by Natasha (9 damage)
             ... on level 2 of the Dungeon.
             The game lasted 00:01:29 (1089 turns).

MisterFreud the Slasher (Octopode Gladiator)        Turns: 1089, Time: 00:01:30

Health: -7/24      AC:  1    Str: 13    XL:     3   Next: 27%
Magic:  3/3        EV: 14    Int: 11    God:
Gold:   106        SH:  0    Dex: 13    Spells: 2/2 levels left

rFire    . . .     SeeInvis .   a - +0 long sword
rCold    + . .     Gourm    .   (no shield)
rNeg     . . .     Faith    .   b - +0 hat
rPois    .         Spirit   .   (no amulet)
rElec    .         Reflect  .   i - ring of protection from cold
rCorr    .         Harm     .   (no ring)
MR       .....                  (no ring)
Stlth    ++........             (no ring)
HPRegen  0.08/turn              (no ring)
MPRegen  0.08/turn              (no ring)
                                (no ring)
                                (no ring)

@: no status effects
A: almost no armour, stealthy swim, amphibious, 8 rings, constrict 8, camouflage
1, gelatinous body 1
a: no special abilities


You were on level 2 of the Dungeon.
You were not hungry.

You visited 1 branch of the dungeon, and saw 2 of its levels.

You collected 106 gold pieces.

Inventory:

Hand Weapons
 a - a +0 long sword (weapon)
Missiles
 c - 3 throwing nets (quivered)
 j - 83 stones
 k - 87 arrows
 l - 18 sling bullets
 o - 5 tomahawks
 q - 8 needles of confusion
Armour
 b - a +0 hat (worn)
Jewellery
 i - a ring of protection from cold (left tentacle)
Scrolls
 e - a scroll of amnesia {unknown}
 f - 3 scrolls of magic mapping {unknown}
 g - 3 scrolls of remove curse {unknown}
 h - a scroll of fog {unknown}
 n - a scroll of identify {unknown}
Potions
 m - a potion of magic {unknown}
 p - 2 potions of curing {unknown}
Comestibles
 d - 7 rations


   Skills:
 - Level 2.0 Fighting
 + Level 4.3 Long Blades
 - Level 2.0 Throwing
 - Level 3.0 Dodging


You had 2 spell levels left.
You didn't know any spells.
Your spell library was empty.

Dungeon Overview and Level Annotations

Branches:
Dungeon (2/15)

Altars:
Hepliaklqana
Nemelex Xobeh
Okawaru
Sif Muna
Zin
The Shining One

Annotations:
D:2 Natasha


Innate Abilities, Weirdness & Mutations

You cannot wear most types of armour.
You are very stealthy in the water. (Stealth+)
You are amphibious.
You can wear up to eight rings at the same time.
You can use your tentacles to constrict eight enemies at once.
Your skin changes colour to match your surroundings (Stealth+).
Your rubbery body absorbs attacks. (AC +1, EV +1)


Message History

a +0 club; a hobgoblin corpse You butcher the hobgoblin corpse.
r - a chunk of flesh
Things that are here:
a +0 club; a hobgoblin skeleton
d - 7 rations (gained 1)
You now have 106 gold pieces (gained 9).
Eating a chunk of flesh.
You eat the chunk of flesh.
This raw flesh tastes terrible.
Natasha, Servant of Life and Death comes into view.
Natasha hisses angrily.
Natasha stares at you and mumbles some strange words.
The magic dart hits you!
Natasha is nearby!
Natasha casts a spell at you. The magic dart hits you!
You closely miss Natasha. Your grab misses Natasha. Natasha claws you!
* * * LOW HITPOINT WARNING * * *
Natasha claws you!
You die...

######## .......# #.
######.# ###. # .......#
#... . ######.# ... .# .#
#.# #..#.#.# ####.#
#.#...# ##....### #.h..#
##.......# #@#
#........#######.#
..>..............#
#........#######.########
##.......# #........#
##.##.### ########.#
#.##.###### #.#
#........... #.#
#....######. #.#


You could see Natasha.

Vanquished Creatures
  A dart slug (D:1)
  2 leopard geckos (D:1)
  2 giant cockroaches (D:1)
  3 goblins (D:1)
  5 hobgoblins
  2 jackals (D:1)
  4 bats (D:1)
  2 frilled lizards (D:1)
  3 kobolds
  3 rats (D:1)
27 creatures vanquished.

Notes
Turn   | Place    | Note
-------+----------+-------------------------------------------
     0 | D:1      | MisterFreud the Octopode Gladiator began the quest for the
                  | Orb.
     0 | D:1      | Reached XP level 1. HP: 14/14 MP: 1/1
    73 | D:1      | Reached XP level 2. HP: 17/19 MP: 2/2
   151 | D:1      | Reached skill level 4 in Long Blades
   404 | D:1      | Reached XP level 3. HP: 24/24 MP: 3/3
   724 | D:2      | Found a sparkling altar of Nemelex Xobeh.
   728 | D:2      | Found a glowing silver altar of Zin.
   730 | D:2      | Found a glowing golden altar of the Shining One.
   730 | D:2      | Found a deep blue altar of Sif Muna.
   730 | D:2      | Found an iron altar of Okawaru.
   869 | D:2      | Found a hazy altar of Hepliaklqana.
  1086 | D:2      | Noticed Natasha
  1089 | D:2      | Mangled by Natasha

Vault maps used:
D:1:      tarquinn_simple_flora_water_f, minmay_misc_feat_encased,
          serial_bayou_pond_e, hex_large
D:2:      lemuel_round_altar, minitemple, uniq_natasha

Skill      XL: |  1  2 |
---------------+-------+-----
Long Blades    | 4 |  4.3
Fighting       | |  2.0
Throwing       | |  2.0
Dodging        | |  3.0

Action                   || total
-------------------------++-------
Melee: Long sword        ||    37
       Constrict         ||    15
       Tentacles         ||    10
 Stab: Sleeping          ||     3
  Eat: Chunk             ||     1
Armor: Skin              ||     7
Dodge: Dodged            ||    28
       Rpst.: Long sword ||    12

Table legend:
 A = Non-vault XP
 B = Vault XP
 C = Vault XP percentage of total XP
 D = Non-vault monster count
 E = Vault monster count
 F = Vault count percentage of total count
                 A         B        C        D         E       F
            +---------+---------+-------+---------+---------+-------
      Total |      47 |       0 |   0.0 |      27 |       0 |   0.0
            +---------+---------+-------+---------+---------+-------
        D:1 |      42 |       0 |   0.0 |      24 |       0 |   0.0
        D:2 |       5 |       0 |   0.0 |       3 |       0 |   0.0
            +---------+---------+-------+---------+---------+-------
